 Dungeon Sprint DCSS version 0.27-a0-1332-g84bddb5ca7 (webtiles) character file.

Game seed: 11661512777725596715

6 mhtbhm the Digger (level 1, -1/10 HPs)
             Began as a Deep Elf Earth Elementalist on June 25, 2021.
             Slain by a scorpion (6 damage)
             ... in the Dungeon (Sprint IX: "|||||||||||||||||||||||||||||").
             The game lasted 00:00:14 (98 turns).

mhtbhm the Digger (Deep Elf Earth Elementalist)       Turns: 98, Time: 00:00:15

Health: -1/10      AC:  2    Str:  5    XL:     1   Next: 75%
Magic:  6/7        EV: 12    Int: 19    God:
Gold:   0          SH:  0    Dex: 15    Spells: 7/8 levels left

rFire    . . .     SeeInvis .   a - +0 short sword
rCold    . . .     Faith    .   (no shield)
rNeg     . . .     Spirit   .   b - +0 robe
rPois    .         Reflect  .   (no helmet)
rElec    .         Harm     .   (no cloak)
rCorr    .         Rampage  .   (no gloves)
Will     .....     NoTele   +   (no boots)
Stlth    ++........             (no amulet)
HPRegen  0.03/turn              (no ring)
MPRegen  0.10/turn              (no ring)

@: no status effects
A: no striking features
a: no special abilities


You were in the Dungeon.
You visited 1 branch

Inventory:

Hand Weapons
 a - a +0 short sword (weapon)
Missiles
 i - 23 stones
Armour
 b - a +0 robe (worn)
Scrolls
 h - a scroll of blinking
Potions
 c - a potion of curing
 d - a potion of heal wounds
 e - a potion of haste
 f - 2 potions of magic
 g - a potion of berserk rage


   Skills:
 + Level 2.5 Dodging
 + Level 2.8 Stealth
 + Level 4.0 Spellcasting
 + Level 1.1 Transmutations
 + Level 4.4 Earth Magic


You had 7 spell levels left.
You knew the following spells:

 Your Spells              Type           Power      Damage    Failure   Level
a - Sandblast             Erth           40%        2d10      2%          1

Your spell library contained the following spells:

 Spells                   Type           Power      Damage    Failure   Level
 Passwall                 Tmut/Erth      11%        N/A       7%          2
 Stone Arrow              Conj/Erth      24%        3d8       17%         3
 Petrify                  Tmut/Erth      14%        N/A       41%         4
 Lee's Rapid Deconstruct  Erth           10%        3d9*      52%         5


Dungeon Overview and Level Annotations

Branches:
Dungeon (1/1)

Altars:


Message History

Things that are here:
a +0 short sword; a kobold corpse; a rat corpse You start resting.
Magic restored.
Things that are here:
a +0 short sword; a kobold corpse; a rat corpse
a - a +0 short sword
a - a +0 short sword (weapon)
You open the door.
An adder, 2 quokkas, a scorpion and a zombie come into view.
Unknown command.
Casting: Sandblast (safe; 2% risk of failure)
Confirm with . or Enter, or press ? or * to list all spells.
Aiming: Sandblast (safe; 2% risk of failure)
Press: ? - help, Shift-Dir - straight line, f - quokka
Aim: a quokka (asleep, 100% to hit)
The blast of sand hits the quokka!
You kill the quokka!
Your Spellcasting skill increases to level 4!
Unknown command.
Unknown command.
You close the door.
You start resting.
Magic restored.
Unknown command.
Okay, then.
You open the door.
Unknown command.
Casting: Sandblast (safe; 2% risk of failure)
Confirm with . or Enter, or press ? or * to list all spells.
Aiming: Sandblast (safe; 2% risk of failure)
Press: ? - help, Shift-Dir - straight line, f - scorpion
Aim: a scorpion (81% to hit)
The blast of sand hits the scorpion.
The scorpion is moderately wounded.
The scorpion stings you.
Ouch! That really hurt!
The scorpion stings you.
Ouch! That really hurt!
You die...

▓.▓
▓.▓
▓.▓
▓)▓
▓†▓
▓.▓
▓.▓
▓.▓
▓@▓
▓s▓
▓.▓
▓.▓
▓S▓
▓r▓
▓Z▓
▓+▓


You could see a scorpion, an adder (asleep), a ball python zombie and a quokka.

Vanquished Creatures
  A bat (D)
  A goblin (D)
  A quokka (D)
  A ball python (D)
  A kobold (D)
  A rat (D)
6 creatures vanquished.

Notes
Turn   | Place    | Note
-------+----------+-------------------------------------------
     0 | D        | mhtbhm the Deep Elf Earth Elementalist began the quest for
                  | the Orb.
     0 | D        | Reached XP level 1. HP: 10/10 MP: 6/6
    86 | D        | Noticed a scorpion
    98 | D        | Slain by a scorpion

Illustrated notes

Levels and vault maps discovered:
D:        linesprint [early_d, line_temple, items_1, d_10, items_2, lair_1,
          lair_end, items_3, orc_1, orc_end, items_4, d_15, swamp_1, shoals_1,
          snake_1, spider_1, d_20, vaults_1, items_5, swamp_end, shoals_end,
          snake_end, spider_end, vaults_end, d_27, items_6, zot_1, zot_end,
          crypt_end, forest_end, elf_end, slime_end, tomb_end, abyss_end,
          pan_hell_end]

Skill      XL: |  1 |
---------------+----+-----
Earth Magic    | 4 |  4.4
Spellcasting   | 4 |  4.0
Dodging        | |  2.5
Stealth        | |  2.8
Transmutations | |  1.1

Action                   || total
-------------------------++-------
 Cast: Sandblast         ||     8
Dodge: Dodged            ||     3

Table legend: (Time is in decaauts)
 A = Elapsed time spent in this place.
 B = Non-inter-level travel time spent in this place.
 C = Inter-level travel time spent in this place.
 D = Time resting spent in this place.
 E = Time spent auto-exploring this place.
 F = Levels seen in this place.
 G = Mean time per level.
                   A        B        C        D        E       F      G
               +--------+--------+--------+--------+--------+-----+--------+
         Total |     97 |     97 |      0 |     67 |      3 |   1 |   97.0 |
       Dungeon |     97 |     97 |      0 |     67 |      3 |   1 |   97.0 |
               +--------+--------+--------+--------+--------+-----+--------+

Top non-repeatable levels by time:
       D: 97 daAuts
